 Dungeon Crawl Stone Soup version 0.30.1-1-g62c8e00024 (webtiles) character file.

Game seed: 1307953495214732522

3820 monsoonserge the Covered (level 10, -7/60 HPs)
             Began as a Gargoyle Reaver on July 17, 2023.
             Was an Initiate of Gozag.
             Killed by the air
             ... invoked by Gastronok
              (33 damage)
             ... on level 8 of the Dungeon.
             The game lasted 00:28:58 (8544 turns).

monsoonserge the Covered (Gargoyle Reaver)          Turns: 8544, Time: 00:29:00

Health: -7/60      AC: 15    Str: 20    XL:     10   Next: 17%
Magic:  13/13      EV: 12    Int: 14    God:    Gozag
Gold:   736        SH:  0    Dex:  8    Spells: 10/13 levels left

rFire   . . .        N - +1 war axe (distort)
rCold   . . .        (no shield)
rNeg    + + .        u - +2 robe {rN+}
rPois   ∞            (no helmet)
rElec   +            v - +0 cloak
rCorr   .            K - +1 pair of gloves
SInv    +            (no boots)
Will    .....        (no amulet)
Stlth   +            I - +4 ring of slaying
HPRegen 0.30/turn    J - ring of see invisible
MPRegen 0.13/turn

%: no passive effects
@: no status effects
A: sickness immunity, AC +7, negative energy resistance 1, electricity
resistance, torment resistance 1, petrification resistance
a: Renounce Religion, Potion Petition, Call Merchant, Bribe Branch


You were on level 8 of the Dungeon.
You worshipped Gozag.
Gozag was pleased with you.
You visited 2 branches of the dungeon, and saw 9 of its levels.
You also visited: Sewer.

You collected 895 gold pieces.
You spent 97 gold pieces at shops.
You paid 62 gold pieces to Gozag.

Inventory:

Hand Weapons
 N - a +1 war axe of distortion (weapon)
Missiles
 x - 4 javelins
 y - a throwing net
 B - 16 poisoned darts (quivered)
Armour
 u - a +2 robe of positive energy (worn)
 v - a +0 cloak (worn)
 K - a +1 pair of gloves (worn)
Magical Staves
 C - a staff of fire
Jewellery
 e - a ring of flight
 w - a ring of positive energy
 I - a +4 ring of slaying (left hand)
 J - a ring of see invisible (right hand)
Wands
 b - a wand of flame (16)
 s - a wand of iceblast (15)
Scrolls
 c - 5 scrolls of poison {unknown}
 d - 2 scrolls of acquirement {unknown}
 f - 2 scrolls of fog {unknown}
 g - 4 scrolls of blinking
 h - a scroll of enchant armour {unknown}
 j - 3 scrolls of immolation {unknown}
 l - 7 scrolls of identify {unknown}
 n - a scroll of brand weapon {unknown}
 o - 5 scrolls of teleportation {unknown}
 r - a scroll of amnesia {unknown}
 t - a scroll of torment {unknown}
 D - 3 scrolls of fear {unknown}
 G - a scroll of noise {unknown}
 L - a scroll of magic mapping {unknown}
Potions
 a - a potion of lignification {unknown}
 i - 2 potions of brilliance {unknown}
 k - 2 potions of cancellation {unknown}
 m - 2 potions of attraction {unknown}
 p - 5 potions of curing {unknown}
 q - 2 potions of heal wounds
 z - 2 potions of degeneration {unknown}
 A - a potion of ambrosia {unknown}
 E - 2 potions of mutation {unknown}
 F - 2 potions of magic {unknown}
 H - 3 potions of might {unknown}


   Skills:
 + Level 6.0 Fighting
 * Level 6.9(7.4) Axes
 - Level 4.0(7.0) Maces & Flails
 - Level 4.6(5.4) Staves
 + Level 0.1 Throwing
 - Level 7.6 Armour
 + Level 3.9 Dodging
 - Level 1.0 Stealth
 - Level 2.0 Spellcasting
 * Level 5.1 Conjurations
 - Level 1.0 Necromancy
 - Level 1.0 Translocations


You had 10 spell levels left.
You knew the following spells:

 Your Spells              Type           Power      Damage    Failure   Level
a - Kiss of Death         Conj/Necr      36%        2d8       7%          1
b - Momentum Strike       Conj/Tloc      18%        3d8       11%         2

Your spell library contained the following spells:

 Spells                   Type           Power      Damage    Failure   Level
 Apportation              Tloc           8%         N/A       16%         1
 Necrotise                Necr           16%        1d4       16%         1
 Summon Small Mammal      Summ           4%         N/A       24%         1
 Hailstorm                Conj/Ice       8%         3d4       26%         3
 Anguish                  Hex/Necr       1%         N/A       88%         4
 Cause Fear               Hex            0%         N/A       93%         4
 Enfeeble                 Hex            0%         N/A       100%        7
 Chain Lightning          Conj/Air       4%         3d5       100%        9
 Fire Storm               Conj/Fire      4%         8d1       100%        9
 Shatter                  Erth           0%         3d5*      100%        9


Dungeon Overview and Level Annotations

Branches:
Dungeon (8/15)             Temple (1/1) D:4           Sewer (visited)
   Lair: D:8-11

Altars:
Cheibriados
Dithmenos
Elyvilon
Fedhas
Gozag
Kikubaaqudgha
Makhleb
Nemelex Xobeh
Okawaru
Qazlal
Ru
Trog
Uskayaw
Vehumet
Wu Jian
Xom
Yredelemnul
Zin
The Shining One

Shops:
D:5 *?

Annotations:
D:8 Gastronok


Innate Abilities, Weirdness & Mutations

You are immune to sickness and miasma.
Your stone body is resilient. (AC +7)
You are immune to poison.
You resist negative energy. (rN+)
You are resistant to electric shocks. (rElec)
You are resistant to unholy torment.
You are immune to petrification.


Message History

Gastronok casts a spell.
The bat hits you but does no damage.
You miss the bat. The bat hits you but does no damage.
Gastronok waves his eye-stalks in wide circles.
The air twists around and strikes you!
You closely miss the bat. The bat barely misses you. x2
You slash the bat!
You kill the bat!
The bat's corpse disappears in a puff of smoke!
The bat hits you but does no damage.
Gastronok casts a spell.
The bat barely misses you. The bat hits you but does no damage.
You miss the bat. The bat closely misses you. x2
You hit the bat.
You kill the bat!
The bat's corpse disappears in a puff of smoke!
The bat hits you but does no damage.
Gastronok chants a spell, wobbling all the while.
Gastronok puts on a burst of speed!
You hit the bat.
You kill the bat!
The bat's corpse disappears in a puff of smoke!
The bat hits you but does no damage.
You slash the river rat!
You kill the river rat!
The river rat's corpse disappears in a puff of smoke!
The bat hits you but does no damage.
You hit the bat.
Space warps around the bat.
You kill the bat!
The bat's corpse disappears in a puff of smoke!
Gastronok casts a spell at you.
You barely resist. You slash Gastronok!
Gastronok is almost dead.
Gastronok blinks!
Gastronok waves his eye-stalks in wide circles.
The air twists around and strikes you!!
Ouch! That really hurt!
You die...
Your body crumbles into a pile of gold.

#### #.## #... #... ####
#..# #### #..# #... #..#
#### #..# #
#.########..############ #
#....<...@§............###
##########...w$..##.......
#.......#####.###
#.......(((.$....
....#...(.######.##
######.....# .# ###.....
.# ##.#### ## .#


You could see Gastronok (swift).

Vanquished Creatures
  Psyche (D:8)
  Prince Ribbit (D:8)
  A blink frog (shapeshifter) (Sewer)
  Sigmund (D:3)
  A steam dragon (D:7)
  An acid dragon (D:7)
  4 water moccasins
  An orc warrior (D:7)
  2 ice beasts (D:6)
  A black bear (D:4)
  3 ogres
  A centaur (D:5)
  A gnoll sergeant (D:5)
  A bullfrog (D:7)
  7 wights
  A howler monkey (D:6)
  2 jellies
  2 gnoll boudas
  2 orc priests
  3 sleepcaps
  Crazy Yiuf (D:2)
  Jessica (D:3)
  Natasha (twice) (D:2)
  2 iguanas (D:5)
  3 orc wizards
  17 gnolls
  15 adders
  3 river rats (Sewer)
  A shadow imp (D:7)
  An ufetubus (D:5)
  6 worms
  4 dart slugs
  15 orcs
  8 bats
  9 endoplasms
  13 giant cockroaches
  9 goblins
  8 hobgoblins
  3 jackals
  5 kobolds
  3 quokkas
  9 ball pythons
  5 frilled lizards
  11 rats
191 creatures vanquished.

Vanquished Creatures (others)
  A rat zombie (Sewer)
1 creature vanquished.

Grand Total: 192 creatures vanquished

Notes
Turn   | Place    | Note
-------+----------+-------------------------------------------
     0 | D:1      | monsoonserge the Gargoyle Reaver began the quest for the
                  | Orb.
     0 | D:1      | Reached XP level 1. HP: 12/12 MP: 3/3
   110 | D:1      | Reached XP level 2. HP: 17/17 MP: 5/5
   295 | D:1      | Reached XP level 3. HP: 20/22 MP: 6/6
  1030 | D:2      | Noticed Natasha
  1036 | D:2      | Killed Natasha
  1037 | D:2      | Reached skill level 1 in Necromancy
  1037 | D:2      | Reached XP level 4. HP: 16/26 MP: 5/7
  1150 | D:2      | Reached skill level 1 in Armour
  1542 | D:2      | Reached XP level 5. HP: 22/31 MP: 8/8
  1592 | D:2      | Found a runed translucent door.
  1593 | D:2      | Noticed Crazy Yiuf
  1624 | D:2      | Reached skill level 2 in Armour
  1679 | D:2      | Found a faded altar of an unknown god.
  1961 | D:2      | Noticed Natasha
  1972 | D:2      | Killed Natasha
  2081 | D:2      | Killed Crazy Yiuf
  2186 | D:3      | Noticed Jessica
  2460 | D:3      | Reached skill level 3 in Armour
  2465 | D:3      | Reached XP level 6. HP: 36/37 MP: 9/9
  2615 | D:3      | Killed Jessica
  2658 | D:3      | Noticed Sigmund
  2663 | D:3      | Killed Sigmund
  2664 | D:3      | Reached skill level 1 in Staves
  2664 | D:3      | Reached skill level 1 in Stealth
  2875 | D:4      | Reached skill level 4 in Armour
  2915 | D:4      | Found a staircase to the Ecumenical Temple.
  2922 | Temple   | Entered the Ecumenical Temple
  3047 | D:4      | Reached XP level 7. HP: 41/41 MP: 10/10
  3070 | D:4      | Found a glowing drain.
  3083 | Sewer    | Entered a sewer
  3191 | Sewer    | a river rat changed into a glowing shapeshifter
  3191 | Sewer    | Noticed a glowing shapeshifter (glowing shapeshifter)
  3191 | Sewer    | a glowing shapeshifter changed into a cyclops
  3191 | Sewer    | Noticed a cyclops (glowing shapeshifter)
  3196 | Sewer    | a cyclops changed into a blink frog
  3196 | Sewer    | Noticed a blink frog (glowing shapeshifter)
  3199 | Sewer    | Killed a blink frog
  4084 | D:4      | Reached skill level 5 in Armour
  4155 | D:4      | Reached XP level 8. HP: 6/43 MP: 11/11
  4755 | D:4      | Found an opulent altar of Gozag.
  4756 | D:4      | Found a glowing silver altar of Zin.
  4760 | D:4      | Became a worshipper of Gozag Ym Sagoz the Greedy
  5056 | D:5      | Entered Level 5 of the Dungeon
  5418 | D:5      | Found Noesibb's Serpentskin Sales.
  5422 | D:5      | Reached skill level 6 in Armour
  5609 | D:5      | Reached skill level 5 in Fighting
  5977 | D:5      | Found Tomalaf's Magic Scroll Emporium.
  6010 | D:5      | Bought a scroll of blinking for 97 gold pieces
  6126 | D:6      | Reached skill level 1 in Axes
  6148 | D:6      | Reached XP level 9. HP: 52/54 MP: 12/12
  6308 | D:6      | Learned a level 2 spell: Momentum Strike
  6334 | D:6      | Reached skill level 7 in Armour
  6872 | D:6      | Found a sacrificial altar of Ru.
  6872 | D:6      | Found a shadowy altar of Dithmenos.
  6882 | D:6      | Reached skill level 1 in Translocations
  6885 | D:6      | Found a glowing golden altar of the Shining One.
  7474 | D:7      | Reached skill level 5 in Axes
  7573 | D:7      | Found a burning altar of Makhleb.
  8077 | D:8      | Reached XP level 10. HP: 42/60 MP: 13/13
  8473 | D:8      | Noticed Psyche
  8477 | D:8      | Noticed Prince Ribbit
  8480 | D:8      | Killed Psyche
  8481 | D:8      | Reached skill level 5 in Conjurations
  8481 | D:8      | Noticed Gastronok
  8499 | D:8      | Killed Prince Ribbit
  8544 | D:8      | Killed from afar by Gastronok

Illustrated notes

Levels and vault maps discovered:
D:1:      dpeg_arrival_boxorama, layout_loops_ring, grunt_decor_mini_mirrors,
          nicolae_kite_square_tiling_tiny, st_stairs_2, minmay_worlds_worst_comb
D:2:      layout_loops_corners, hellmonk_ecumenical_altar_zigzags,
          corexii_corridor_pit, uniq_crazy_yiuf_cottage, uniq_natasha
D:3:      layout_rooms, kennysheep_potato, uniq_jessica, uniq_sigmund
D:4:      layout_loops_corners, grunt_temple_overflow_gold_and_silver,
          minmay_temple_entry_statues_pillars, gup_sewer_entry_bubbles
D:5:      layout_loops_ring, serial_shops, nicolae_shop_waterfront,
          guppyfry_shop_venom
D:6:      layout_cave_pools, minitemple, hangedman_abyss_or_decor_passed
D:7:      layout_gridville, mainiacjoe_overflow_chevrons, serial_park_tiny_pond
D:8:      layout_loops_ring, lair_entry_dummy, hangedman_incinerator, uniq_grum,
          uniq_psyche, uniq_maggie, uniq_prince_ribbit1, uniq_gastronok
Temple:   nicolae_temple_figure_eight

Skill      XL: |  1  2  3  4  5  6  7  8  9 10 |
---------------+-------------------------------+-----
Dodging        | 2 3 |  3.9
Necromancy     | 1 |  1.0
Armour         | 1 3 4 5 6 7 |  7.6
Maces & Flails | 4 |  4.0
Fighting       | 3 4 5 6 |  6.0
Staves         | 1 3 4 |  4.6
Stealth        | 1 |  1.0
Axes           | 2 6 |  6.9
Conjurations   | 4 5 |  5.1
Translocations | 1 |  1.0
Throwing       | |  0.1
Spellcasting   | |  2.0

Action                     |  1- 3 |  4- 6 |  7- 9 | 10-12 || total
---------------------------+-------+-------+-------+-------++-------
  Melee: Mace              |   132 |    86 |       |       ||   218
         Quarterstaff      |       |    49 |   143 |       ||   192
         War axe           |       |       |   131 |    40 ||   171
         Punch             |       |       |     1 |     2 ||     3
  Throw: Javelin           |       |     1 |       |       ||     1
         Dart              |       |       |       |     6 ||     6
   Cast: Kiss of Death     |     1 |     2 |     6 |       ||     9
         Momentum Strike   |       |       |       |     1 ||     1
    Use: Potion            |       |       |     2 |     1 ||     3
   Stab: Distracted        |       |       |     1 |       ||     1
 Armour: Leather armour    |    75 |    48 |       |       ||   123
         Ring mail         |       |       |   154 |       ||   154
         Robe              |       |       |       |    13 ||    13
  Dodge: Dodged            |    95 |    74 |   184 |    16 ||   369
